 Dungeon Sprint DCSS version 0.27-a0-1456-gf5a116941d (webtiles) character file.

Game seed: 6269079526484206017

2 mhtbhm the Skirmisher (level 1, -1/20 HPs)
             Began as a Hill Orc Fighter on July 5, 2021.
             Killed by nerve-wracking pain
             ... invoked by Jessica
              (8 damage)
             ... in the Dungeon (Sprint III: "The Ten Rune Challenge").
             The game lasted 00:00:03 (22 turns).

mhtbhm the Skirmisher (Hill Orc Fighter)              Turns: 22, Time: 00:00:04

Health: -1/20      AC:  6    Str: 18    XL:     1   Next: 30%
Magic:  1/1        EV:  7    Int:  8    God:
Gold:   0          SH:  9    Dex: 10    Spells: 0/0 levels left

rFire    . . .     SeeInvis .   a - +0 war axe
rCold    . . .     Faith    .   c - +0 kite shield
rNeg     . . .     Spirit   .   b - +0 scale mail
rPois    .         Reflect  .   (no helmet)
rElec    .         Harm     .   (no cloak)
rCorr    .         Rampage  .   (no gloves)
Will     .....     NoTele   +   (no boots)
Stlth    ..........             (no amulet)
HPRegen  0.06/turn              (no ring)
MPRegen  0.07/turn              (no ring)

@: no status effects
A: no striking features
a: no special abilities


You were in the Dungeon.
You visited 1 branch

Inventory:

Hand Weapons
 a - a +0 war axe (weapon)
Armour
 b - a +0 scale mail (worn)
 c - a +0 kite shield (worn)
Scrolls
 j - a scroll of blinking
Potions
 d - a potion of might
 e - a potion of curing
 f - a potion of heal wounds
 g - a potion of haste
 h - 2 potions of magic
 i - a potion of berserk rage


   Skills:
 + Level 4.0 Fighting
 + Level 2.8 Axes
 + Level 3.6 Armour
 + Level 3.6 Shields


You couldn't memorise any spells.
You didn't know any spells.
Your spell library was empty.

Dungeon Overview and Level Annotations

Branches:
Dungeon (1/1)

Altars:

Annotations:
D Jessica


Message History

You closely miss Jessica.
Jessica is heavily wounded.
You block Jessica's attack. Jessica closely misses you.
You closely miss Jessica.
Jessica is heavily wounded.
You block Jessica's attack.
You hit Jessica but do no damage.
Jessica is heavily wounded.
Jessica hits you but does no damage. You block Jessica's attack.
You barely miss Jessica.
Jessica is heavily wounded.
You block Jessica's attack.
You hit Jessica but do no damage.
Jessica is heavily wounded.
Jessica hits you with a +0 club. x2
You are too injured to fight recklessly!
You are too injured to fight recklessly!
You are too injured to fight recklessly!
You are too injured to fight recklessly!
You are too injured to fight recklessly!
You are too injured to fight recklessly!
You are too injured to fight recklessly!
You are too injured to fight recklessly!
You are too injured to fight recklessly!
You are too injured to fight recklessly!
You are too injured to fight recklessly!
You are too injured to fight recklessly!
You are too injured to fight recklessly!
You closely miss Jessica.
Jessica is heavily wounded.
You block Jessica's attack. Jessica barely misses you.
You hit Jessica.
Jessica is severely wounded.
Jessica gestures wildly while chanting.
Jessica blinks!
You slash the rat!
You kill the rat!
Jessica casts a spell at you. Pain shoots through your body!
You die...

▓▓▓▓
▓<.#
▓..#
▓#'####
▓.....#
▓.....#
▓....@#
▓####†#
..#
..@#
....#
+#####


You could see Jessica.

Vanquished Creatures
  An endoplasm (D)
  2 rats (D)
3 creatures vanquished.

Notes
Turn   | Place    | Note
-------+----------+-------------------------------------------
     0 | D        | mhtbhm the Hill Orc Fighter began the quest for the Orb.
     0 | D        | Reached XP level 1. HP: 19/19 MP: 1/1
     6 | D        | Reached skill level 4 in Fighting
    10 | D        | Noticed Jessica
    22 | D        | Killed from afar by Jessica

Illustrated notes

Levels and vault maps discovered:
D:        dungeon_sprint_mu [sprint_mu_entry_forest, sprint_mu_temple_rooms,
          sprint_mu_d1_horrors, sprint_mu_d2_genie, sprint_mu_d3_branching,
          sprint_mu_orc_legion, sprint_mu_elf_gauntlet, sprint_mu_hive_nellie,
          sprint_mu_lair_fedhas, sprint_mu_vaults_butterflies,
          sprint_mu_slime_circle, sprint_mu_swamp_cave, sprint_mu_snake_twists,
          sprint_mu_blade_basic, sprint_mu_crypt_chambers,
          sprint_mu_tomb_spiral, sprint_mu_vestibule_basic,
          sprint_mu_gehenna_hellfire, sprint_mu_dis_giant,
          sprint_mu_tartarus_statrot, sprint_mu_cocytus_islands, sprint_mu_zot1]

Skill      XL: |  1 |
---------------+----+-----
Fighting       | 4 |  4.0
Axes           | |  2.8
Armour         | |  3.6
Shields        | |  3.6

Action                   || total
-------------------------++-------
Melee: War axe           ||    15
Armor: Scale mail        ||     5
Dodge: Dodged            ||     3
Block: Kite shield       ||     7

Table legend: (Time is in decaauts)
 A = Elapsed time spent in this place.
 B = Non-inter-level travel time spent in this place.
 C = Inter-level travel time spent in this place.
 D = Time resting spent in this place.
 E = Time spent auto-exploring this place.
 F = Levels seen in this place.
 G = Mean time per level.
                   A        B        C        D        E       F      G
               +--------+--------+--------+--------+--------+-----+--------+
         Total |     30 |     30 |      0 |      0 |      5 |   1 |   30.0 |
       Dungeon |     30 |     30 |      0 |      0 |      5 |   1 |   30.0 |
               +--------+--------+--------+--------+--------+-----+--------+

Top non-repeatable levels by time:
       D: 30 daAuts
